 Dungeon Crawl Stone Soup version 0.29-a0-490-g77b3608bb8 (webtiles) character file.

Game seed: 953131926417999446

2 Hubjo the Firebug (level 1, 0/10 HPs)
             Began as a Deep Elf Fire Elementalist on May 27, 2022.
             Slain by a kobold
             ... wielding a +0 dagger
              (4 damage)
             ... on level 2 of the Dungeon.
             The game lasted 00:00:15 (176 turns).

Hubjo the Firebug (Deep Elf Fire Elementalist)       Turns: 176, Time: 00:00:16

Health: 0/10       AC:  2    Str:  5    XL:     1   Next: 33%
Magic:  0/6        EV: 12    Int: 19    God:
Gold:   15         SH:  0    Dex: 15    Spells: 5/6 levels left

rFire   . . .      SeeInvis .   (no weapon)
rCold   . . .      Faith    .   (no shield)
rNeg    . . .      Spirit   .   a - +0 robe
rPois   .          Reflect  .   (no helmet)
rElec   .          Harm     .   (no cloak)
rCorr   .          Rampage  .   (no gloves)
Will    .....                   (no boots)
Stlth   ++........              (no amulet)
HPRegen 0.03/turn               (no ring)
MPRegen 0.10/turn               (no ring)

@: no status effects
A: no striking features
a: no special abilities


You were on level 2 of the Dungeon.
You visited 1 branch of the dungeon, and saw 2 of its levels.

You collected 15 gold pieces.

Inventory:

Armour
 a - a +0 robe (worn)
Potions
 b - a potion of magic


   Skills:
 * Level 0.2 Fighting
 - Level 2.4 Dodging
 + Level 2.5 Stealth
 + Level 3.0 Spellcasting
 - Level 1.1 Conjurations
 + Level 3.3 Fire Magic


You had 5 spell levels left.
You knew the following spells:

 Your Spells              Type           Power      Damage    Failure   Level
a - Foxfire               Conj/Fire      44%        2x1d6     6%          1

Your spell library contained the following spells:

 Spells                   Type           Power      Damage    Failure   Level
 Scorch                   Fire           30%        2d7       6%          2
 Conjure Flame            Conj/Fire      11%        6-21      19%         3
 Inner Flame              Hex/Fire       9%         N/A       22%         3
 Flame Wave               Conj/Fire      11%        2d5       52%         4


Dungeon Overview and Level Annotations

Branches:
Dungeon (2/15)

Altars:


Message History

There are monsters nearby!
Your foxfire dissipates!
The foxfire hits the jackal.
The jackal is almost dead.
Your foxfire dissipates!
The foxfire hits the jackal.
You kill the jackal!
A goblin comes into view. It is wielding a +0 dagger.
Your foxfire dissipates!
The goblin shouts!
The jackal bites you.
There is a stone staircase leading down here.
You climb downwards.
There is a stone staircase leading up here.
You conjure some foxfire!
The kobold shouts!
The kobold barely misses you.
You are too depleted to draw on your mana recklessly!
Your foxfire dissipates!
A dart slug comes into view.
The foxfire hits the kobold but does no damage.
The dart slug launches a dart at you. The slug dart hits you.
The kobold throws a stone.
The stone barely misses you. The kobold hits you with a +0 dagger.
The kobold hits you with a +0 dagger. The kobold hits you with a +0 dagger.
Found a purple potion.
An endoplasm comes into view.
The endoplasm quivers.
The kobold throws a stone.
The stone barely misses you.
Casting: Foxfire (safe; 6% risk of failure)
Confirm with . or Enter, or press ? or * to list all spells.
You conjure some foxfire!
The foxfire hits the kobold.
The kobold is moderately wounded.
Your foxfire dissipates!
Found a stone staircase leading down.
Found a glowing bone ring.
The kobold attacks as you move away! The kobold closely misses you.
The kobold hits you with a +0 dagger.
You die...

.. #.w#
#.##..###
#......<#
#.##.###w#.....#
#....J...##.####
#.###w##.# .#
######..#.##.#
#.....K.....=#
#.###..@######
#.#..# ......#
....!....#
#........>#
#.......###
#.......#
#.......#


You could see a dart slug, an endoplasm and a kobold.

Vanquished Creatures
  A goblin (D:1)
  A jackal (D:1)
2 creatures vanquished.

Vanquished Creatures (others)
  26 foxfires
26 creatures vanquished.

Grand Total: 28 creatures vanquished

Notes
Turn   | Place    | Note
-------+----------+-------------------------------------------
     0 | D:1      | Hubjo the Deep Elf Fire Elementalist began the quest for
                  | the Orb.
     0 | D:1      | Reached XP level 1. HP: 10/10 MP: 6/6
   176 | D:2      | Slain by a kobold

Illustrated notes

Levels and vault maps discovered:
D:1:      minmay_arrival_hallway, layout_rooms,
          hellmonk_ecumenical_altar_pennies_from_heaven, minmay_cut_off
D:2:      layout_basic, minmay_pentomino_r2

Action                   || total
-------------------------++-------
 Cast: Foxfire           ||    17
Dodge: Dodged            ||     4

Table legend: (Time is in decaauts)
 A = Elapsed time spent in this place.
 B = Non-inter-level travel time spent in this place.
 C = Inter-level travel time spent in this place.
 D = Time resting spent in this place.
 E = Time spent auto-exploring this place.
 F = Levels seen in this place.
 G = Mean time per level.
                   A        B        C        D        E       F      G
               +--------+--------+--------+--------+--------+-----+--------+
         Total |    175 |    175 |      0 |      0 |    130 |   2 |   87.5 |
       Dungeon |    175 |    175 |      0 |      0 |    130 |   2 |   87.5 |
               +--------+--------+--------+--------+--------+-----+--------+

Top non-repeatable levels by time:
     D:1: 161 daAuts
     D:2: 14 daAuts
